 Dungeon Sprint DCSS version 0.30-a0-390-g80c34de65d (webtiles) character file.

Game seed: 13731401837983327330

2281 Conn the Arsonist (level 9, -9/54 HPs)
             Began as an Octopode Fire Elementalist on Dec 4, 2022.
             Was a Believer of Sif Muna.
             Mangled by a demonic crawler (11 damage)
             ... in the Dungeon (Sprint I: "Red Sonja").
             The game lasted 00:07:53 (1019 turns).

Conn the Arsonist (Octopode Fire Elementalist)      Turns: 1019, Time: 00:07:56

Health: -9/54      AC:  3    Str:  7    XL:     9   Next: 39%
Magic:  15/23      EV: 15    Int: 21    God:    Sif Muna [**....]
Gold:   161        SH:  0    Dex: 13    Spells: 8/28 levels left

rFire   . . .      SeeInvis .    i - +1 dagger (venom)
rCold   . . .      Faith    .    (no shield)
rNeg    . . .      Spirit   .    l - +2 hood of the Assassin {Detection Stab+ Stlth++}
rPois   .          Reflect  .    (no amulet)
rElec   .          Harm     .    h - ring of wizardry
rCorr   .          Rampage  .    (no ring)
Will    .....      NoTele   +    (no ring)
Stlth   ++++++....               (no ring)
HPRegen 0.29/turn                (no ring)
MPRegen 0.18/turn                (no ring)
                                 (no ring)
                                 (no ring)

@: liquefying, slowed movement, very slow
A: almost no armour, amphibious, 8 rings, camouflage 1, gelatinous body 1,
(nimble swimmer 1), tentacles
a: Renounce Religion, Channel Magic


You were in the Dungeon.
You worshipped Sif Muna.
Sif Muna was pleased with you.
You visited 1 branch You collected 821 gold pieces.
You spent 660 gold pieces at shops.

Inventory:

Hand Weapons
 i - a +1 dagger of venom (weapon)
Missiles
 j - 4 curare-tipped darts
Armour
 l - the +2 hood of the Assassin (worn) {Detection Stab+ Stlth++}
   (You bought it in a shop in the Dungeon)

   It allows the wearer to sense nearby creatures.
   It allows the wearer to make particularly effective stabbing attacks against
   helpless or unaware enemies with any weapon.
   Stlth:     It makes you much more stealthy.
Jewellery
 h - a ring of wizardry (left tentacle)
Wands
 g - a wand of polymorph (5)
Scrolls
 f - a scroll of blinking
Potions
 a - 3 potions of magic
 b - 3 potions of curing
 c - 2 potions of heal wounds
 d - a potion of haste
 e - a potion of berserk rage
 k - a potion of lignification {unknown}


   Skills:
 + Level 1.9 Fighting
 + Level 5.9 Dodging
 + Level 7.2 Stealth
 + Level 10.1 Spellcasting
 * Level 6.5 Conjurations
 * Level 2.3 Hexes
 + Level 0.3 Summonings
 + Level 2.6 Translocations
 + Level 13.3 Fire Magic
 + Level 1.1 Air Magic
 * Level 2.3 Earth Magic
 * Level 5.9 Invocations


You had 8 spell levels left.
You knew the following spells:

 Your Spells              Type           Power      Damage    Failure   Level
a - Foxfire               Conj/Fire      100%       2x1d9     1%          1
b - Kindle Blastsparks    Fire/Tloc/Air  68%        2d15      1%          3
c - Inner Flame           Hex/Fire       43%        N/A       1%          3
d - Flame Wave            Conj/Fire      51%        2d13      1%          4
e - Scorch                Fire           100%       2d10      1%          2
f - Call Canine Familiar  Summ           11%        N/A       7%          3
g - Leda's Liquefaction   Hex/Erth       10%        N/A       10%         4

Your spell library contained the following spells:

 Spells                   Type           Power      Damage    Failure   Level
 Portal Projectile        Hex/Tloc       42%        N/A       2%          3


Dungeon Overview and Level Annotations

Branches:
Dungeon (1/1)

Altars:
Cheibriados
Dithmenos
Elyvilon
Fedhas
Gozag
Hepliaklqana
Kikubaaqudgha
Makhleb
Nemelex Xobeh
Okawaru
Qazlal
Ru
Sif Muna
Trog
Uskayaw
Vehumet
Wu Jian
Xom
Yredelemnul
Zin
The Shining One
Jiyva
Lugonu

Shops:
D (:[


Innate Abilities, Weirdness & Mutations

You cannot wear most types of armour.
You are amphibious.
You can wear up to eight rings at the same time.
Your skin changes colour to match your surroundings (Stealth+).
Your rubbery body absorbs attacks. (AC +1, EV +1)
((You are camouflaged when in or above water. (Stealth+)))
You have tentacles for arms and can constrict up to eight enemies at once.


Message History

The demonic crawler closely misses your hound.
The demonic crawler hits your hound!
Your hound dies!
Your hound's corpse disappears in a puff of smoke!
Unknown command.
Casting: Call Canine Familiar (dangerous; 7% risk of failure)
Confirm with . or Enter, or press ? or * to list all spells.
The ground around you becomes liquefied!
The demonic crawler shrieks in warning!
The demonic crawler attacks as you move away!
The demonic crawler closely misses you. The demonic crawler barely misses you.
The demonic crawler becomes momentarily stuck in the liquid earth.
The demonic crawler shrieks in warning!
You hear a shout!
You hear an angry buzzing noise.
Your magical contamination has completely faded away.
Things that are here:
a +0 dagger; a +0 robe
Press: ? - help, v - describe, . - travel
Here: a demonic crawler (catching its breath, covering ground slowly)
The floor.
Unknown command.
A gargoyle comes into view. It is wielding a +0 flail.
The demonic crawler shrieks in warning!
There is an open door here.
The demonic crawler attacks as you move away!
The demonic crawler misses you.
The demonic crawler becomes momentarily stuck in the liquid earth.
The demonic crawler barely misses you.
The demonic crawler attacks as you move away!
The demonic crawler hits you! x3
* * * LOW HITPOINT WARNING * * *
The demonic crawler shrieks in warning!
The demonic crawler attacks as you move away!
The demonic crawler hits you!
* * * LOW HITPOINT WARNING * * *
The demonic crawler completely misses you.
The demonic crawler misses you.
The demonic crawler shrieks in warning!
The demonic crawler closely misses you. The demonic crawler hits you!
You die...

########################
.#[.§§.#..'..#__#..ss..#
.').#..').#..'..@ss#){.##+#
.#####'#####'#__####.s.s..#
.####.§#...#)#### #####9.+
.#__####..##.# { +##
.#_____##'#_.+ { {
⌠#_.∩...'..._# { {
##_..__##_.#'##+###
#_____###'#.#.(..###{
##########.####'###.##


You could see 4 demonic crawlers.

Vanquished Creatures
  Sonja (D)
  A deep troll (D)
  2 kobold demonologists (D)
  A slime creature (D)
  Sigmund (D)
  A yak (D)
  A floating eye (D)
  An ogre (D)
  A jelly (D)
  Ijyb (D)
  2 ballistomycete spores (D)
13 creatures vanquished.

Vanquished Creatures (others)
  28 foxfires (D)
28 creatures vanquished.

Grand Total: 41 creatures vanquished

Notes
Turn   | Place    | Note
-------+----------+-------------------------------------------
     0 | D        | Conn the Octopode Fire Elementalist began the quest for the
                  | Orb.
     0 | D        | Reached XP level 1. HP: 11/11 MP: 3/3
     3 | D        | Noticed Ijyb
    11 | D        | Killed Ijyb
    12 | D        | Reached skill level 5 in Fire Magic
    12 | D        | Reached XP level 2. HP: 17/17 MP: 0/6
    12 | D        | Reached XP level 3. HP: 21/21 MP: 0/7
    79 | D        | Learned a level 2 spell: Scorch
    83 | D        | Learned a level 3 spell: Kindle Blastsparks
    85 | D        | Noticed an ogre
    92 | D        | Killed an ogre
    93 | D        | Reached skill level 7 in Fire Magic
    93 | D        | Reached XP level 4. HP: 27/27 MP: 0/10
   185 | D        | Noticed Sigmund
   190 | D        | Killed Sigmund
   191 | D        | Reached skill level 5 in Stealth
   191 | D        | Reached skill level 1 in Translocations
   191 | D        | Reached skill level 9 in Fire Magic
   191 | D        | Reached XP level 5. HP: 31/31 MP: 5/13
   191 | D        | Reached XP level 6. HP: 36/36 MP: 5/15
   204 | D        | Found an ornate altar of the Wu Jian Council.
   204 | D        | Found a shimmering blue altar of Sif Muna.
   206 | D        | Found a radiant altar of Vehumet.
   266 | D        | Became a worshipper of Sif Muna the Loreminder
   284 | D        | Found Terraf's Book Emporium.
   284 | D        | Found an ancient bone altar of Kikubaaqudgha.
   284 | D        | Found a hazy altar of Hepliaklqana.
   284 | D        | Found a hide-covered altar of Uskayaw.
   284 | D        | Found a basalt altar of Yredelemnul.
   284 | D        | Found an opulent altar of Gozag.
   284 | D        | Found a snail-covered altar of Cheibriados.
   284 | D        | Found a sacrificial altar of Ru.
   284 | D        | Found a shadowy altar of Dithmenos.
   284 | D        | Noticed a yak
   285 | D        | Found a stormy altar of Qazlal.
   285 | D        | Found a blossoming altar of Fedhas.
   285 | D        | Found a bloodstained altar of Trog.
   285 | D        | Found an iron altar of Okawaru.
   285 | D        | Found a glowing silver altar of Zin.
   290 | D        | Killed a yak
   291 | D        | Reached skill level 5 in Dodging
   291 | D        | Reached skill level 10 in Fire Magic
   291 | D        | Reached XP level 7. HP: 41/41 MP: 9/17
   292 | D        | Found a glowing golden altar of the Shining One.
   292 | D        | Found a white marble altar of Elyvilon.
   294 | D        | Found a sparkling altar of Nemelex Xobeh.
   309 | D        | Found a burning altar of Makhleb.
   309 | D        | Found a viscous altar of Jiyva.
   309 | D        | Found a shimmering altar of Xom.
   309 | D        | Found a corrupted altar of Lugonu.
   309 | D        | Noticed a slime creature
   316 | D        | Killed a slime creature
   317 | D        | Reached skill level 11 in Fire Magic
   432 | D        | Learned a level 3 spell: Inner Flame
   437 | D        | Learned a level 4 spell: Flame Wave
   437 | D        | Noticed Sonja
   440 | D        | Killed Sonja
   440 | D        | Reached * piety under Sif Muna
   441 | D        | Reached skill level 1 in Fighting
   441 | D        | Reached skill level 12 in Fire Magic
   441 | D        | Reached XP level 8. HP: 5/48 MP: 11/20
   610 | D        | Found Roloed's Antique Weapon Boutique.
   630 | D        | Noticed a deep troll
   649 | D        | Killed a deep troll
   650 | D        | Reached skill level 5 in Conjurations
   650 | D        | Reached skill level 13 in Fire Magic
   650 | D        | Reached skill level 5 in Invocations
   650 | D        | Reached XP level 9. HP: 11/53 MP: 0/22
   815 | D        | Found Arokky Foga's Armour Emporium.
   823 | D        | Bought the +2 hood of the Assassin {Detection Stab+
                  | Stlth++} for 660 gold pieces
   823 | D        | Found the +2 hood of the Assassin {Detection Stab+ Stlth++}
   847 | D        | Learned a level 3 spell: Call Canine Familiar
   852 | D        | Learned a level 4 spell: Leda's Liquefaction
   880 | D        | Noticed a kobold demonologist
   890 | D        | Reached skill level 1 in Air Magic
   890 | D        | Noticed a kobold demonologist
   895 | D        | Killed a kobold demonologist
   895 | D        | Reached ** piety under Sif Muna
   895 | D        | Killed a kobold demonologist
   896 | D        | Reached skill level 10 in Spellcasting
  1010 | D        | Noticed a demonic crawler
  1010 | D        | Noticed a demonic crawler
  1010 | D        | Noticed a demonic crawler
  1010 | D        | Noticed a demonic crawler
  1016 | D        | Noticed a gargoyle
  1019 | D        | HP: 2/54 [demonic crawler (12)]
  1019 | D        | Mangled by a demonic crawler

Illustrated notes

Levels and vault maps discovered:
D:        dungeon_sprint_1 [red_sonja_temple_1, red_sonja_temple_small_1]

Skill      XL: |  1  2  3  4  5  6  7  8  9 |
---------------+----------------------------+-----
Stealth        | 3 4 5 6 7 |  7.2
Spellcasting   | 3 4 6 7 8 9 10 | 10.1
Fire Magic     | 5 7 9 10 12 13 | 13.3
Dodging        | 3 4 5 |  5.9
Conjurations   | 2 3 4 5 6 |  6.5
Translocations | 1 2 |  2.6
Fighting       | 1 |  1.9
Invocations    | 3 5 |  5.9
Air Magic      | 1 |  1.1
Hexes          | 2 |  2.3
Earth Magic    | 2 |  2.3
Summonings     | |  0.3

Action                   |  1- 3 |  4- 6 |  7- 9 || total
-------------------------+-------+-------+-------++-------
Melee: Unarmed           |     9 |       |       ||     9
       Tentacles         |     6 |       |       ||     6
       Constrict         |     1 |       |       ||     1
       Punch             |     1 |       |       ||     1
 Cast: Foxfire           |     3 |     6 |     8 ||    17
       Scorch            |     2 |     4 |    16 ||    22
       Kindle Blastspark |     1 |       |     3 ||     4
       Flame Wave        |       |       |     2 ||     2
       Call Canine Famil |       |       |     2 ||     2
       Leda's Liquefacti |       |       |     1 ||     1
       Inner Flame       |       |       |     1 ||     1
  Use: Potion            |       |       |     1 ||     1
Armor: Skin              |       |       |     2 ||     2
Dodge: Dodged            |     5 |     2 |    22 ||    29

Table legend: (Time is in decaauts)
 A = Elapsed time spent in this place.
 B = Non-inter-level travel time spent in this place.
 C = Inter-level travel time spent in this place.
 D = Time resting spent in this place.
 E = Time spent auto-exploring this place.
 F = Levels seen in this place.
 G = Mean time per level.
                   A        B        C        D        E       F      G
               +--------+--------+--------+--------+--------+-----+--------+
         Total |   1019 |   1019 |      0 |    622 |      0 |   1 | 1019.0 |
       Dungeon |   1019 |   1019 |      0 |    622 |      0 |   1 | 1019.0 |
               +--------+--------+--------+--------+--------+-----+--------+

Top non-repeatable levels by time:
       D: 1019 daAuts
